 Dungeon Crawl Stone Soup version 0.17-a0-2070-g2a5e0a8 (webtiles) character file.

15255 Morbidden the Severer (level 12, -1/104 HPs)
             Began as a Hill Orc Fighter on Oct 14, 2015.
             Was a High Priest of Okawaru.
             Slain by a queen ant (6 damage)
             ... on level 2 of the Lair of Beasts.
             The game lasted 01:10:54 (11621 turns).

Morbidden the Severer (Hill Orc Fighter)           Turns: 11621, Time: 01:10:54

Health: -1/104     AC: 17    Str: 24    XL:     12   Next: 25%
Magic:  13/13      EV: 13    Int:  8    God:    Okawaru [*****.]
Gold:   683        SH:  6    Dex: 16    Spells: 0 memorised, 11 levels left

rFire  . . .     SeeInvis .     E - +3 hand axe (vamp)
rCold  . . .     Clarity  .     W - +4 scale mail {MR+}
rNeg   + . .     SustAt   .     R - +0 buckler
rPois  .         Gourm    .     X - +1 helmet "Veqesad" {Dex+6}
rElec  .         Spirit   .     (no cloak)
rCorr  .         Warding  .     w - +0 pair of gloves
rMut   .         Stasis   .     G - +0 pair of boots
MR     +....                    (no amulet)
Stlth  ..........               K - ring of invisibility
                                a - ring of positive energy

@: lethally poisoned (-1 -> -32), somewhat resistant to hostile enchantments,
extremely unstealthy
A: no striking features
a: Heroism, Finesse, Renounce Religion, Evoke Invisibility


You were on level 2 of the Lair of Beasts.
You worshipped Okawaru.
Okawaru was extremely pleased with you.
You were very hungry.

You visited 3 branches of the dungeon, and saw 14 of its levels.
You also visited: Sewer and Ossuary.

You collected 683 gold pieces.

Inventory:

Hand Weapons
 E - a +3 vampiric hand axe (weapon)
 U - a +0 flail
Armour
 c - a +0 shield
 w - a +0 pair of gloves (worn)
 G - a +0 pair of boots (worn)
 R - a +0 buckler (worn)
 W - a +4 scale mail of magic resistance (worn)
 X - the +1 helmet "Veqesad" (worn) {Dex+6}
   (You found it on level 1 of the Lair of Beasts)

   It affects your dexterity (+6).
Jewellery
 a - a ring of positive energy (left hand)
 b - an uncursed ring of ice
 s - an uncursed ring of fire
 K - a ring of invisibility (right hand)
Wands
 H - a wand of fire (6)
 I - a wand of lightning (10)
 O - a wand of frost (18)
 S - a wand of polymorph (11)
 V - a wand of digging (17)
Scrolls
 i - 2 scrolls of immolation
 j - a scroll of blinking {unknown}
 l - a scroll of enchant weapon
 m - a scroll of vulnerability {unknown}
 q - 2 scrolls of recharging
 r - 2 scrolls of magic mapping
 u - 8 scrolls of remove curse
 y - 3 scrolls of teleportation
 A - 2 scrolls of enchant armour {unknown}
 B - 4 scrolls of random uselessness
 D - 2 scrolls of fear
 F - a scroll of holy word {unknown}
 J - 2 scrolls of amnesia
 L - 2 scrolls of identify
Potions
 d - a potion of might
 f - 2 potions of magic
 g - 3 potions of heal wounds
 h - 2 potions of haste
 k - a potion of invisibility {unknown}
 n - 2 potions of curing
 t - 2 potions of resistance {unknown}
 x - 2 potions of mutation {unknown}
 z - 4 potions of brilliance
 C - 2 potions of flight
 N - a potion of berserk rage
 P - a potion of agility {unknown}
Books
 T - a book of Party Tricks

   Spells                             Type                      Level
   a - Summon Butterflies             Summoning                    1
   b - Apportation                    Translocation                1
   c - Tukima's Dance                 Hexes                        3
   d - Alistair's Intoxication        Transmutation/Poison         4
   e - Invisibility                   Hexes                        6
Comestibles
 e - 9 bread rations
 o - 9 meat rations
 v - 5 fruits
 Q - a royal jelly


   Skills:
 - Level 9.0 Fighting
 + Level 17.8 Axes
 + Level 9.2 Armour
 + Level 4.6 Dodging
 + Level 6.4 Shields
 + Level 2.5 Invocations


You had 11 spell levels left.
You didn't know any spells.

Dungeon Overview and Level Annotations

Branches:
Dungeon (11/15)            Temple (1/1) D:7            Lair (2/8) D:9
    Orc: D:9-12

Altars:
Ashenzari
Cheibriados
Dithmenos
Elyvilon
Fedhas
Gozag
Kikubaaqudgha
Makhleb
Nemelex Xobeh
Okawaru
Qazlal
Ru
Sif Muna
Trog
Vehumet
Xom
Yredelemnul
Zin
The Shining One


Message History

You feel very sick.
The queen ant stings you but does no damage.
You hit the queen ant but do no damage.
The queen ant is almost dead.
* * * LOW HITPOINT WARNING * * *
You feel sick.
You hit the queen ant.
You feel better.
The queen ant is almost dead.
* * * LOW HITPOINT WARNING * * *
You feel sick.
The queen ant stings you but does no damage.
You hit the queen ant but do no damage.
The queen ant is almost dead.
* * * LOW HITPOINT WARNING * * *
You feel sick.
You hit the queen ant but do no damage.
The queen ant is almost dead.
* * * LOW HITPOINT WARNING * * *
You feel sick. The queen ant stings you.
You die...

...#.. .#..#.... ... .....
..#..#.... #.P ##
....#.........## ..P #..
......#..#....####..
#..#.#.......#...#.#..# .
#.....#..#.....#†.##.#
..###..#...#..... #†#%†...
....##..a†..# #†####......
.....####@#####.#.#.......
.........#.#....#....>....
..........................
..........................
..........................
..........................
.##....#......P#.#..#....#
#......#.....###..##....#
...............+....#....+


You could see a queen ant.

Vanquished Creatures
  Nergalle (Lair:2)
  Pikel (D:5)
  Joseph (Lair:1)
  2 spiny frogs (Lair:1)
  A troll (D:10)
  2 komodo dragons
  A merfolk (D:9)
  2 two-headed ogres
  Grinder (D:5)
  A slime creature (D:7)
  6 yaks
  Eustachio (D:6)
  A wraith (Ossuary)
  Grum (D:9)
  2 deep elf magi (D:9)
  4 hippogriffs
  3 wolves (D:9)
  3 basilisks (Lair:1)
  Edmund (D:4)
  A water moccasin (Lair:2)
  17 soldier ants (Lair:2)
  A phantom (D:5)
  4 ice beasts
  5 porcupines
  3 black bears
  A wasp (D:9)
  3 sky beasts
  3 orc warriors
  5 ogres
  2 crocodiles
  4 centaurs
  A big kobold (D:10)
  5 giant frogs
  4 killer bees (D:8)
  4 wights (D:10)
  3 scorpions
  6 orc priests
  3 crimson imps
  4 giant frog zombies
  7 hounds
  9 jellies
  A giant frog skeleton (D:6)
  Terence (D:2)
  30 worker ants
  Natasha (thrice) (D:2)
  3 iguanas
  6 orc wizards
  A killer bee zombie (D:10)
  A hound skeleton (D:6)
  A mummy (Ossuary)
  A worker ant zombie (D:7)
  3 gnolls (D:8)
  30 adders
  A shadow imp (D:8)
  37 river rats
  An adder zombie (D:7)
  16 oozes
  2 adder skeletons
  A worm (D:3)
  7 giant geckos
  26 orcs
  9 bats
  8 giant cockroaches
  11 hobgoblins
  10 jackals
  4 quokkas
  2 ball pythons
  3 giant newts
  3 gnoll skeletons (Ossuary)
  7 goblins
  10 kobolds
  7 kobold skeletons (Ossuary)
  15 orc skeletons (Ossuary)
  A quokka skeleton (D:4)
  5 rats
  A fungus (Lair:2)
398 creatures vanquished.

Vanquished Creatures (others)
  Menkaure (D:5)
  A sky beast (D:5)
  2 slaves (D:5)
  An adder (D:5)
  An adder skeleton (D:5)
  An orc (D:5)
  6 fungi
  4 plants
17 creatures vanquished.

Grand Total: 415 creatures vanquished

Notes
Turn   | Place    | Note
--------------------------------------------------------------
     0 | D:1      | Morbidden the Hill Orc Fighter began the quest for the Orb.
     0 | D:1      | Reached XP level 1. HP: 19/19 MP: 1/1
   113 | D:1      | Reached XP level 2. HP: 17/27 MP: 2/2
   430 | D:1      | Reached skill level 4 in Axes
   430 | D:1      | Reached XP level 3. HP: 30/33 MP: 3/3
   722 | D:2      | Noticed Natasha
   725 | D:2      | Killed Natasha
   725 | D:2      | Reached skill level 5 in Axes
   725 | D:2      | Reached XP level 4. HP: 31/40 MP: 4/4
   794 | D:2      | Noticed Terence
   802 | D:2      | Killed Terence
   988 | D:2      | Reached skill level 6 in Axes
  1324 | D:2      | Noticed Natasha
  1335 | D:2      | Killed Natasha
  1335 | D:2      | Reached XP level 5. HP: 27/46 MP: 5/5
  1488 | D:2      | Noticed Natasha
  1492 | D:2      | Killed Natasha
  1785 | D:3      | Found an iron altar of Okawaru.
  1803 | D:3      | Became a worshipper of Warmaster Okawaru
  1912 | D:3      | Reached skill level 7 in Axes
  2338 | D:4      | Reached XP level 6. HP: 49/52 MP: 6/6
  2382 | D:4      | Reached skill level 8 in Axes
  2566 | D:4      | Noticed an ogre
  2653 | D:3      | Reached * piety under Okawaru
  2733 | D:4      | Noticed an ogre
  2893 | D:4      | Noticed Edmund
  2911 | D:4      | Killed Edmund
  2951 | D:4      | Reached skill level 9 in Axes
  2951 | D:4      | Reached XP level 7. HP: 31/59 MP: 7/7
  3135 | D:4      | Noticed an ogre
  3136 | D:4      | Killed an ogre
  3153 | D:4      | Killed an ogre
  3391 | D:5      | Entered Level 5 of the Dungeon
  3449 | D:5      | Noticed Pikel
  3487 | D:5      | Killed Pikel
  3487 | D:5      | Reached ** piety under Okawaru
  3487 | D:5      | Reached skill level 10 in Axes
  3487 | D:5      | Reached skill level 1 in Dodging
  3487 | D:5      | Reached skill level 1 in Invocations
  3487 | D:5      | Reached XP level 8. HP: 34/67 MP: 6/9
  3500 | D:5      | Reached skill level 5 in Fighting
  3500 | D:5      | Reached skill level 11 in Axes
  3835 | D:5      | Reached skill level 5 in Armour
  3982 | D:5      | Noticed Menkaure
  3995 | D:5      | Killed Menkaure
  4004 | D:5      | Noticed Grinder
  4019 | D:5      | Killed Grinder
  4019 | D:5      | Reached skill level 12 in Axes
  4019 | D:5      | Reached XP level 9. HP: 34/75 MP: 8/10
  4307 | D:5      | Found a shadowy altar of Dithmenos.
  4626 | D:6      | Found a glowing drain.
  4663 | Sewer    | Entered a sewer
  4852 | D:6      | Reached skill level 13 in Axes
  4900 | D:6      | Noticed Eustachio
  4943 | D:6      | Killed Eustachio
  4943 | D:6      | Reached *** piety under Okawaru
  5475 | D:6      | Found a stormy altar of Qazlal.
  5565 | D:7      | Reached XP level 10. HP: 71/84 MP: 11/11
  5565 | D:7      | Reached skill level 14 in Axes
  5698 | D:7      | Found a staircase to the Ecumenical Temple.
  6038 | D:7      | Reached **** piety under Okawaru
  6258 | Temple   | Entered the Ecumenical Temple
  6514 | D:8      | Found a sand-covered staircase.
  6525 | Ossuary  | Entered an ossuary
  6755 | Ossuary  | Reached skill level 15 in Axes
  7257 | D:8      | Found a burning altar of Makhleb.
  7293 | D:8      | Reached ***** piety under Okawaru
  7668 | D:9      | Found a staircase to the Lair.
  7889 | D:9      | Reached XP level 11. HP: 94/94 MP: 12/12
  7955 | D:9      | Reached skill level 16 in Axes
  7987 | D:9      | Noticed Grum
  7999 | D:9      | Reached skill level 5 in Shields
  8020 | D:9      | Killed Grum
  8264 | D:10     | Entered Level 10 of the Dungeon
  9364 | Lair:1   | Entered Level 1 of the Lair of Beasts
  9779 | Lair:1   | Received a gift from Okawaru
  9854 | Lair:1   | Noticed Joseph
  9900 | Lair:1   | Killed Joseph
 10130 | Lair:1   | Noticed a six-headed hydra
 10344 | D:11     | Noticed a seven-headed hydra
 10460 | Lair:1   | Got a polished helmet
 10471 | Lair:1   | Identified the +1 helmet "Veqesad" {Dex+6} (You found it on level 1 of the Lair of Beasts)
 10683 | Lair:1   | Reached skill level 17 in Axes
 10937 | Lair:2   | Noticed Nergalle
 10970 | Lair:2   | Noticed a spectral orc warlord
 11002 | Lair:2   | Killed Nergalle
 11154 | Lair:2   | Reached XP level 12. HP: 99/104 MP: 13/13
 11562 | Lair:2   | Noticed a queen ant
 11621 | Lair:2   | HP: 5/104 [poisoned by a queen ant]
 11621 | Lair:2   | Slain by a queen ant

Vault maps used:
D:1:      dpeg_arrival_three_bigger_balls, hex_medium
D:2:      first_bread, uniq_terence, uniq_natasha
D:3:      minmay_misc_feat_more_columns, okawaru_trees_2
D:4:      uniq_edmund
D:5:      kennysheep_big_flooded_room, nicolae_dithmenos_the_darkroom,
          uniq_menkaure, uniq_pikel, uniq_grinder
D:6:      grunt_qazlal_clouds, gup_sewer_entry_glass, uniq_eustachio
D:7:      lemuel_slime, minmay_temple_entry_glassed_door
D:8:      lightli_temple_of_fire, lightli_ossuary_entry_decrepit_ruins
D:9:      david_lair_shrubbed, hangedman_fish_farm, uniq_grum
D:10:     st_stairs_3
D:11:     jmf_multi_god_temple, uniq_erica, uniq_fannar
Temple:   nicolae_temple_elliptical
Lair:1:   minmay_lair_venomous_thicket, uniq_joseph
Lair:2:   zaba_anthell, uniq_nergalle
Sewer:    sewer_the_crocodile
Ossuary:  ossuary_due_mausoleum

Action                   |  1- 3 |  4- 6 |  7- 9 | 10-12 || total
-------------------------+-------+-------+-------+-------++-------
Melee: War axe           |    66 |   185 |   109 |       ||   360
       Hand axe          |       |       |   249 |  1294 ||  1543
Invok: Heroism           |       |     2 |     7 |     5 ||    14
  Use: Potion            |       |     1 |     2 |    10 ||    13
       Scroll            |       |     4 |     8 |     6 ||    18
  Eat: Chunk             |       |     7 |     8 |    12 ||    27
       Fruit             |       |       |     1 |       ||     1
       Bread ration      |       |       |     1 |       ||     1
       Meat ration       |       |       |       |     1 ||     1
       Beef jerky        |       |       |       |     1 ||     1
       Pizza             |       |       |       |     1 ||     1
